 Dungeon Crawl Stone Soup version 0.27-a0-679-g77a6b55cf3 (webtiles) character file.

Game seed: 18245427144649686526

167 Alarak the Chopper (level 5, -1/45 HPs)
             Began as a Hill Orc Fighter on Mar 18, 2021.
             Slain by Blork the orc
             ... wielding a +0 battleaxe
              (5 damage)
             ... on level 3 of the Dungeon.
             The game lasted 00:08:55 (2785 turns).

Alarak the Chopper (Hill Orc Fighter)               Turns: 2785, Time: 00:08:56

Health: -1/45      AC:  6    Str: 20    XL:     5   Next: 48%
Magic:  5/5        EV:  7    Int:  8    God:
Gold:   109        SH:  9    Dex: 10    Spells: 4/4 levels left

rFire    . . .     SeeInvis .   a - +0 war axe
rCold    . . .     Faith    .   c - +0 kite shield
rNeg     . . .     Spirit   .   b - +0 scale mail
rPois    .         Reflect  .   (no helmet)
rElec    .         Harm     .   (no cloak)
rCorr    .         Rampage  .   (no gloves)
Will     .....                  (no boots)
Stlth    ..........             (no amulet)
HPRegen  0.15/turn              (no ring)
MPRegen  0.09/turn              (no ring)

@: no status effects
A: no striking features
a: no special abilities


You were on level 3 of the Dungeon.
You visited 1 branch of the dungeon, and saw 4 of its levels.

You collected 109 gold pieces.

Inventory:

Hand Weapons
 a - a +0 war axe (weapon)
Armour
 b - a +0 scale mail (worn)
 c - a +0 kite shield (worn)
Magical Staves
 k - a staff of cold
Scrolls
 f - 2 scrolls of teleportation {unknown}
 h - a scroll of brand weapon {unknown}
 j - a scroll of fear {unknown}
Potions
 d - a potion of might
 e - 3 potions of haste {unknown}
 g - 2 potions of degeneration {unknown}
 i - a potion of lignification {unknown}
 l - a potion of curing {unknown}
 m - a potion of brilliance {unknown}


   Skills:
 - Level 3.6 Fighting
 + Level 7.3 Axes
 - Level 3.2 Armour
 - Level 3.2 Shields


You had 4 spell levels left.
You didn't know any spells.
Your spell library was empty.

Dungeon Overview and Level Annotations

Branches:
Dungeon (4/15)
 Temple: D:4-7

Altars:
Qazlal

Annotations:
D:3 Blork the orc


Message History

Blork the orc casts a spell at you. The magic dart hits you.
Blork the orc hits you but does no damage.
An orc comes into view.
Blork the orc hits you with a +0 battleaxe.
You closely miss Blork the orc. You block Blork the orc's attack.
A hound skeleton comes into view.
Blork the orc closely misses you.
You closely miss Blork the orc.
Blork the orc looks braver for a moment.
Blork the orc looks angry.
Blork the orc barely misses you.
A worker ant comes into view.
Blork the orc gestures at you while chanting.
The puff of frost hits you.
The leopard gecko hisses menacingly.
Blork the orc casts a spell at you. The magic dart hits you.
The hound skeleton closely misses you. The hound skeleton barely misses you.
Blork the orc grunts repeatedly.
You block Blork the orc's attack.
The howler monkey hoots and howls with incredible vigour!
You hear a bark!
Blork the orc screams, "I'm much stronger than you!"
There is a stone staircase leading up here.
Blork the orc closely misses you.
The howler monkey hoots and howls with incredible vigour!
The leopard gecko barely misses you.
You hear a shout!
You climb upwards.
There is a stone staircase leading down here.
You closely miss the leopard gecko. You slash Blork the orc!
Blork the orc gestures at you while chanting.
The puff of flame hits you! The leopard gecko barely misses you.
Blork the orc hits you with a +0 battleaxe!
* * * LOW HITPOINT WARNING * * *
You miss the leopard gecko. You barely miss Blork the orc.
Blork the orc screams, "I'll make a cloak from your skin!"
Blork the orc hits you with a +0 battleaxe.
You die...

#..####........# #.#
#..............# ##.#
##.#####.......# #..#
#.#...#.......# #.##
##.#...#.......#### #.#
##.................# #.#
#.#.......##.#.###.# #.#
##........##.#o###.# #.#
##.#...#....l@..#.###.#
###...#..###.........#
########...........#.#####
......#####..........#
†####.# ##.#.##.#### #####
...##.# #......##### #....
...##.# ##...###...# #.##.
......#
#...###.#.#######.##.
.#.#..##
#...#...#...##.......


You could see Blork the orc (fast) and a leopard gecko.

Vanquished Creatures
  A bullfrog (D:2)
  An adder (D:3)
  3 oozes
  An adder skeleton (D:4)
  2 worms
  2 dart slugs (D:1)
  2 leopard geckos
  9 bats
  4 giant cockroaches
  10 goblins
  9 hobgoblins
  9 kobolds
  2 quokkas
  3 ball pythons
  2 frilled lizards
  9 rats
69 creatures vanquished.

Notes
Turn   | Place    | Note
-------+----------+-------------------------------------------
     0 | D:1      | Alarak the Hill Orc Fighter began the quest for the Orb.
     0 | D:1      | Reached XP level 1. HP: 19/19 MP: 1/1
    47 | D:1      | Reached skill level 3 in Axes
   136 | D:1      | Reached XP level 2. HP: 22/26 MP: 2/2
   303 | D:1      | Reached skill level 4 in Axes
   687 | D:1      | Reached XP level 3. HP: 31/31 MP: 3/3
   996 | D:2      | Reached skill level 5 in Axes
  1508 | D:2      | Reached XP level 4. HP: 39/39 MP: 4/4
  1598 | D:2      | Noticed a bullfrog
  1607 | D:2      | Killed a bullfrog
  1608 | D:2      | Reached skill level 6 in Axes
  1608 | D:2      | Reached XP level 5. HP: 32/45 MP: 5/5
  2189 | D:3      | Reached skill level 7 in Axes
  2281 | D:3      | Found a stormy altar of Qazlal.
  2761 | D:4      | Noticed Blork the orc
  2785 | D:3      | Slain by Blork the orc

Illustrated notes

Levels and vault maps discovered:
D:1:      evilmike_arrival_hilbert_curve, layout_basic
D:2:      layout_basic
D:3:      layout_loops_cross, nicolae_qazlal_general_emergency
D:4:      layout_cave_pools, minmay_temple_entry_drinking_statues,
          makhleb_heckhound_becter, uniq_sigmund, uniq_blork_the_orc,
          uniq_duvessa

Skill      XL: |  1  2  3  4  5 |
---------------+----------------+-----
Axes           | 3 4 5 6 7 |  7.3
Fighting       | |  3.6
Armour         | |  3.2
Shields        | |  3.2

Action                   |  1- 3 |  4- 6 || total
-------------------------+-------+-------++-------
Melee: War axe           |   113 |    83 ||   196
Armor: Scale mail        |    43 |    28 ||    71
Dodge: Dodged            |    43 |    24 ||    67
Block: Kite shield       |    57 |    41 ||    98

Table legend: (Time is in decaauts)
 A = Elapsed time spent in this place.
 B = Non-inter-level travel time spent in this place.
 C = Inter-level travel time spent in this place.
 D = Time resting spent in this place.
 E = Time spent auto-exploring this place.
 F = Levels seen in this place.
 G = Mean time per level.
                   A        B        C        D        E       F      G
               +--------+--------+--------+--------+--------+-----+--------+
         Total |   2875 |   2812 |     63 |    252 |   2023 |   4 |  718.8 |
       Dungeon |   2875 |   2812 |     63 |    252 |   2023 |   4 |  718.8 |
               +--------+--------+--------+--------+--------+-----+--------+

Top non-repeatable levels by time:
     D:2: 1043 daAuts
     D:1: 1027 daAuts
     D:3: 730 daAuts
     D:4: 73 daAuts
